 Dungeon Crawl Stone Soup version 0.22-a0-611-g46e8f3c735 (webtiles) character file.

93 RedPan the Sneak (level 4, 0/27 HPs)
             Began as an Octopode Wizard on July 11, 2018.
             Slain by Grinder (2 damage)
             ... on level 3 of the Dungeon.
             The game lasted 00:04:39 (2705 turns).

RedPan the Sneak (Octopode Wizard)                  Turns: 2705, Time: 00:04:40

Health: 0/27       AC:  1    Str:  6    XL:     4   Next: 62%
Magic:  9/18       EV: 13    Int: 20    God:
Gold:   69         SH:  0    Dex: 11    Spells: 1/9 levels left

rFire    . . .     SeeInvis .   f - +0 dagger
rCold    . . .     Gourm    .   (no shield)
rNeg     . . .     Faith    .   a - +0 hat
rPois    .         Spirit   .   (no amulet)
rElec    .         Reflect  .   j - ring of magical power
rCorr    .         Harm     .   (no ring)
MR       .....                  (no ring)
Stlth    +++.......             (no ring)
HPRegen  0.09/turn              (no ring)
MPRegen  0.16/turn              (no ring)
                                (no ring)
                                (no ring)

@: very slightly contaminated
A: almost no armour, stealthy swim, amphibious, 8 rings, constrict 8, camouflage
1, gelatinous body 1
a: no special abilities


You were on level 3 of the Dungeon.
You were not hungry.

You visited 1 branch of the dungeon, and saw 3 of its levels.

You collected 69 gold pieces.

Inventory:

Hand Weapons
 f - a +0 dagger (weapon)
Missiles
 e - 2 steel tomahawks (quivered)
Armour
 a - a +0 hat (worn)
Jewellery
 g - an uncursed ring of protection from magic {unknown}
 j - a ring of magical power (left tentacle)
Scrolls
 d - a scroll of identify {unknown}
Potions
 b - a potion of resistance {unknown}
 k - a potion of mutation {unknown}
Comestibles
 c - 9 rations
 h - 2 chunks of flesh


   Skills:
 + Level 2.6 Dodging
 + Level 3.9 Stealth
 + Level 3.4 Spellcasting
 * Level 2.7 Conjurations
 - Level 1.0 Summonings
 - Level 1.0 Translocations


You had one spell level left.
You knew the following spells:

 Your Spells              Type           Power        Failure   Level  Hunger
a - Magic Dart            Conj           ##..         4%          1    None
b - Blink                 Tloc           N/A          14%         2    ##.....
c - Call Imp              Summ           #.......     14%         2    ##.....
d - Mephitic Cloud        Conj/Pois/Air  #.......     28%         3    ###....

Your spell library contained the following spells:

 Spells                   Type           Power        Failure   Level  Hunger
 Conjure Flame            Conj/Fire      #.......     24%         3    ###....
 Slow                     Hex            #.......     21%         2    ##.....


Dungeon Overview and Level Annotations

Branches:
Dungeon (3/15)

Altars:

Annotations:
D:3 Grinder


Innate Abilities, Weirdness & Mutations

You cannot wear most types of armour.
You are very stealthy in the water. (Stealth+)
You are amphibious.
You can wear up to eight rings at the same time.
You can use your tentacles to constrict eight enemies at once.
Your skin changes colour to match your surroundings (Stealth+).
Your rubbery body absorbs attacks. (AC +1, EV +1)


Message History

Your white imp gestures at Grinder.
The puff of frost hits Grinder.
Grinder resists.
Your white imp barely misses Grinder.
Grinder gestures at you. Pain shoots through your body!
* * * LOW HITPOINT WARNING * * *
Unknown command.
Casting: Magic Dart (safe; 4% risk of failure)
Confirm with . or Enter, or press ? or * to list all spells.
Aiming: Magic Dart (safe; 4% risk of failure)
Press: ? - help, Shift-Dir - straight line, f/p - Grinder
Aim: Grinder (moderately wounded)
The magic dart hits Grinder.
Grinder is moderately wounded.
Your white imp gestures at Grinder.
The puff of frost hits Grinder.
Grinder resists.
Your white imp hits Grinder.
Your white imp freezes Grinder.
Grinder completely resists.
Grinder hits you.
* * * LOW HITPOINT WARNING * * *
You writhe in agony.
You die...

#......###.##.#.#
#............<#.#
###+#.####...##.#
#.........#.#
#<#.#...###.######
#.#.....#.........
#####+#.#######.#.......
#......)........#.#####.
#......@###########
.......55......
#......5####.##
+.......# #.......#
#.......# #.......#
#......##


You could see Grinder and 2 friendly white imps.

Vanquished Creatures
  3 adders
  5 worms
  A dart slug (D:2)
  2 leopard geckos
  5 bats
  A giant cockroach (D:1)
  7 goblins
  4 hobgoblins
  3 jackals (D:1)
  6 kobolds
  2 quokkas
  A frilled lizard (D:1)
  7 rats
47 creatures vanquished.

Notes
Turn   | Place    | Note
-------+----------+-------------------------------------------
     0 | D:1      | RedPan the Octopode Wizard began the quest for the Orb.
     0 | D:1      | Reached XP level 1. HP: 11/11 MP: 4/4
    97 | D:1      | Reached XP level 2. HP: 10/17 MP: 1/6
   838 | D:1      | Reached XP level 3. HP: 19/21 MP: 7/7
   980 | D:1      | You fall through a shaft!
  1697 | D:2      | Reached XP level 4. HP: 27/27 MP: 9/9
  2221 | D:2      | Found a faded altar of an unknown god.
  2579 | D:3      | Noticed Grinder
  2593 | D:3      | Paralysed by Grinder for 5 turns
  2619 | D:3      | Learned a level 2 spell: Blink
  2622 | D:3      | Learned a level 2 spell: Call Imp
  2626 | D:3      | Learned a level 3 spell: Mephitic Cloud
  2702 | D:3      | Paralysed by Grinder for 2 turns
  2705 | D:3      | Slain by Grinder

Vault maps used:
D:1:      eino_arrival_cavern_b, kennysheep_nondescript
D:2:      first_ration, chequers_ecumenical_altar_simple_redux, glass_columns_a,
          minmay_close_crescents
D:3:      tgw_sif, uniq_grinder

Skill      XL: |  1  2  3 |
---------------+----------+-----
Stealth        | 3 |  3.9
Conjurations   | 2 |  2.7
Dodging        | |  2.6
Spellcasting   | |  3.4
Summonings     | |  1.0
Translocations | |  1.0

Action                   |  1- 3 |  4- 6 || total
-------------------------+-------+-------++-------
Melee: Unarmed           |    20 |       ||    20
       Constrict         |    13 |     2 ||    15
       Tentacles         |     6 |     2 ||     8
       Dagger            |    19 |     5 ||    24
 Cast: Magic Dart        |    82 |    61 ||   143
       Call Imp          |       |     2 ||     2
  Use: Scroll            |       |     4 ||     4
 Stab: Sleeping          |     4 |       ||     4
  Eat: Chunk             |     2 |     3 ||     5
Armor: Skin              |     7 |       ||     7
Dodge: Dodged            |    35 |     5 ||    40

Table legend:
 A = Spawn XP
 B = Non-spawn XP
 C = Spawn XP percentage of total XP
 D = Spawn monster count
 E = Non-spawn monster count
 F = Spawn count percentage of total count
 G = Total turns spent on level
                    A         B        C        D         E        F      G
               +---------+---------+-------+---------+---------+-------+---------
         Total |       0 |     134 |   0.0 |       0 |      47 |   0.0 |  2705
               +---------+---------+-------+---------+---------+-------+---------
           D:1 |       0 |      42 |   0.0 |       0 |      25 |   0.0 |  1087
           D:2 |       0 |      65 |   0.0 |       0 |      17 |   0.0 |  1248
           D:3 |       0 |      27 |   0.0 |       0 |       5 |   0.0 |   370
               +---------+---------+-------+---------+---------+-------+---------
